 Dungeon Crawl Stone Soup version 0.15-a0 (webtiles) character file.

8922 MirrMurr the Covert (level 11, -1/47 HPs)
             Began as a Spriggan Enchanter on Mar 30, 2014.
             Was a Believer of Ashenzari.
             Slain by a basilisk (4 damage)
             ... on Level 3 of the Lair of Beasts.
             The game lasted 01:19:27 (13359 turns).

MirrMurr the Covert (Spriggan Enchanter)           Turns: 13359, Time: 01:19:27

HP  -1/47        AC  5     Str 10      XL: 11   Next: 13%
MP  30/31        EV  4     Int 17      God: Ashenzari [**....]
Gold 238         SH  0     Dex 17      Spells:  2 memorised, 22 levels left

rFire  . . .     SeeInvis +     a - +3 dagger (stab) (curse)
rCold  . . .     Clarity  .     b - +1 robe (curse)
rNeg   + + +     Conserve +     K - +3 buckler of Feasting {Str+3 Stlth++}
rPois  +         rCorr    .     (helmet restricted)
rElec  .         rRot     +     x - +1 cloak (curse)
SustAb . .       Spirit   .     (gloves unavailable)
rMut   .         Warding  .     (boots unavailable)
Saprov . . .     Stasis   .     G - cursed amulet of conservation
MR     +....                    (no ring)
                                D - ring of positive energy

@: petrified, very quick, somewhat resistant to hostile enchantments, incredibly
stealthy
A: unfitting armour, see invisible, herbivore 3, speed 3, slow metabolism 2
a: Renounce Religion


You were on level 3 of the Lair of Beasts.
You worshipped Ashenzari.
Ashenzari was pleased with you.
You were full.

You visited 3 branches of the dungeon, and saw 12 of its levels.

You collected 401 gold pieces.
You spent 163 gold pieces at shops.

Inventory:

Hand weapons
 a - a cursed +3,+3 dagger of stabbing (weapon)
 p - a +1,+1 short sword of venom
 B - a +2,+2 dagger
 C - a +2,+3 cutlass
Missiles
 d - 9 darts (quivered)
Armour
 b - a cursed +1 robe (worn)
 o - a +0 buckler
 x - a cursed +1 cloak (worn)
 K - the cursed +3 buckler of Feasting (worn) {Str+3 Stlth++}
   (You acquired it on level 2 of the Lair of Beasts)

   It affects your strength (+3).
   It makes you much more stealthy.
   It has a curse placed upon it.
Comestibles
 j - a pear
 n - 2 bread rations
 t - 2 apples
Scrolls
 f - 5 scrolls of remove curse
 h - 2 scrolls of enchant armour
 i - 4 scrolls of identify
 k - 2 scrolls of curse jewellery
 m - 3 scrolls of fear
 s - a scroll of recharging
 w - 2 scrolls of amnesia
 y - 4 scrolls of blinking
 z - 3 scrolls of teleportation
 A - a scroll of fog
 H - a scroll of magic mapping
 I - 2 scrolls of enchant weapon II
Jewellery
 D - a ring of positive energy (left hand)
 G - a cursed amulet of conservation (around neck)
Potions
 e - a potion of porridge
 g - 4 potions of curing
 l - 3 potions of haste
 q - 3 potions of agility
 r - 6 potions of heal wounds
 u - 2 potions of might
 v - 2 potions of magic
 E - a potion of invisibility
 J - a potion of flight
Books
 c - a book of Maledictions

   Spells                             Type                      Level
   Corona                             Hexes                        1
   Sure Blade                         Hexes/Charms                 2
   *Ensorcelled Hibernation           Hexes/Ice                    2
   *Confuse                           Hexes                        3
   Enslavement                        Hexes                        4
   Invisibility                       Hexes                        6
 F - a book of the Dragon

   Spells                             Type                      Level
   Flight                             Charms/Air                   3
   Cause Fear                         Hexes                        4
   Bolt of Fire                       Conjuration/Fire             6
   Dragon Form                        Transmutation                7
   Dragon's Call                      Summoning                    9


   Skills:
 - Level 6.0(8.3) Short Blades
 - Level 1.1 Throwing
 - Level 6.6(8.1) Dodging
 + Level 14.4(15.5) Stealth
 + Level 8.5 Spellcasting
 * Level 13.0 Hexes


You had 22 spell levels left.
You knew the following spells:

 Your Spells              Type           Power        Failure   Level  Hunger
a - Ensorcelled Hibernat  Hex/Ice        ####..       1%          2    None
b - Confuse               Hex            ######..     1%          3    #......


Dungeon Overview and Level Annotations

Branches:
Dungeon (8/15)             Temple (1/1) D:5            Lair (3/8) D:8
  Swamp: Lair:3-6    Shoals: Lair:3-6     Snake: Lair:3-6    Spider: Lair:3-6

Altars:
Ashenzari
Cheibriados
Dithmenos
Elyvilon
Fedhas
Kikubaaqudgha
Makhleb
Nemelex Xobeh
Okawaru
Sif Muna
Trog
Vehumet
Xom
Yredelemnul
Zin
The Shining One

Shops:
D:5 ??:?   D:6 [


Innate Abilities, Weirdness & Mutations

You are tiny and cannot use many weapons and most armour.
You have supernaturally acute eyesight.
You are a herbivore.
You cover ground extremely quickly.
You need consume almost no food.


Message History

You resist with almost no effort. The basilisk bites you!
The adder bites you but does no damage. The hound bites you.
The hound barely misses you. The basilisk bites you!
The adder bites you but does no damage. The basilisk gazes at you.
You resist with almost no effort. The iguana bites you!
* * * LOW HITPOINT WARNING * * *
The hound bites you.
* * * LOW HITPOINT WARNING * * *
The adder bites you but does no damage. The basilisk barely misses you.
The basilisk bites you!
* * * LOW HITPOINT WARNING * * *
The hound bites you but does no damage. The iguana barely misses you.
The adder bites you but does no damage. The hound bites you.
* * * LOW HITPOINT WARNING * * *
The basilisk bites you.
* * * LOW HITPOINT WARNING * * *
The basilisk bites you!
You die...

* #..............
........8...8...#,
, .....8.....88....
,*........8..8.....
..................f
, , , ##.........#,
, , #......###...
,, * , * ##lSl###*
, , #..@.# * , *
#.lh.#* , ,
#PP....# , *
,,.P.P...... , ,
.......t..... , ,
.........(... *
...........* ,
......... * ,,...
,, *


You could see 2 basilisks, a crocodile, an iguana, a hound and an adder.

Vanquished Creatures
  A spiny frog (Lair:2)
  4 komodo dragons
  A troll (D:8)
  5 blink frogs (Lair:2)
  3 basilisks
  5 yaks (Lair:2)
  A spriggan (Lair:1)
  A hippogriff (Lair:2)
  7 wolves
  Edmund (D:7)
  Menkaure (D:4)
  A porcupine (Lair:1)
  5 water moccasins
  2 giant goldfish (D:8)
  A phantom (D:7)
  3 ogres
  3 crocodiles
  Sigmund (D:7)
  5 giant slugs
  3 giant frogs
  A gnoll sergeant (D:6)
  3 scorpions
  4 wights (D:8)
  3 electric eels (D:8)
  2 crimson imps
  A giant frog zombie (D:5)
  4 hounds
  2 orc priests
  Crazy Yiuf (D:4)
  3 orc wizards
  7 iguanas
  A quasit (D:4)
  3 worker ants
  Ijyb (D:4)
  20 green rats (Lair:2)
  17 adders
  13 gnolls
  An inept feature mimic (D:4)
  A giant mite (D:5)
  2 orc skeletons (D:5)
  5 worms
  2 oozes (D:2)
  10 orcs
  5 giant cockroaches
  10 goblins
  11 hobgoblins
  17 jackals
  4 quokkas
  A ball python (D:4)
  19 bats
  2 giant geckos
  4 giant newts
  A giant spore (D:8)
  A goblin zombie (D:5)
  2 hobgoblin zombies (D:5)
  12 kobolds
  11 rats
  17 ballistomycetes (D:8)
  2 plants (Lair:1)
280 creatures vanquished.

Notes
Turn   | Place    | Note
--------------------------------------------------------------
     0 | D:1      | MirrMurr, the Spriggan Enchanter, began the quest for the Orb.
     0 | D:1      | Reached XP level 1. HP: 9/9 MP: 4/4
   471 | D:1      | Reached skill level 4 in Stealth
   526 | D:1      | Reached XP level 2. HP: 13/13 MP: 7/7
   632 | D:1      | Learned a level 2 spell: Ensorcelled Hibernation
  1178 | D:2      | Reached skill level 5 in Stealth
  1351 | D:2      | Reached XP level 3. HP: 13/16 MP: 3/9
  1411 | D:2      | Learned a level 3 spell: Confuse
  2007 | D:2      | Reached skill level 6 in Stealth
  2038 | D:3      | Reached XP level 4. HP: 21/21 MP: 12/12
  2839 | D:3      | Reached XP level 5. HP: 24/24 MP: 9/14
  2872 | D:3      | Reached skill level 7 in Stealth
  2903 | D:3      | Found a blossoming altar of Fedhas.
  3446 | D:4      | Found a staircase to the Ecumenical Temple.
  3460 | D:4      | the staircase to the Ecumenical Temple was a mimic.
  3820 | D:4      | Noticed Menkaure
  3830 | D:4      | Reached skill level 8 in Stealth
  3846 | D:4      | Killed Menkaure
  3846 | D:4      | Reached XP level 6. HP: 9/28 MP: 12/17
  4076 | D:4      | Noticed Ijyb
  4079 | D:4      | Killed Ijyb
  4467 | D:4      | Identified a +0 rod of inaccuracy (14/14) (You found it on level 3 of the Dungeon)
  4664 | D:4      | Reached skill level 5 in Short Blades
  4901 | D:4      | Reached skill level 9 in Stealth
  4901 | D:4      | Reached XP level 7. HP: 32/32 MP: 20/20
  4950 | D:4      | Noticed Crazy Yiuf
  4958 | D:4      | Killed Crazy Yiuf
  5327 | D:5      | Entered Level 5 of the Dungeon
  5464 | D:5      | Found Smiucudghut's Magic Scroll Shop.
  5524 | D:5      | Bought a scroll of blinking for 75 gold pieces
  5524 | D:5      | Bought 2 scrolls of teleportation for 60 gold pieces
  5597 | D:5      | Found Thudit's Magic Scroll Shop.
  5600 | D:5      | Bought a scroll of fog for 28 gold pieces
  5707 | D:5      | Found Haez's Magic Scroll Shoppe.
  5748 | D:5      | Found Oczuall's Book Emporium.
  5854 | D:5      | Reached skill level 10 in Stealth
  5860 | D:5      | Found a staircase to the Ecumenical Temple.
  5905 | Temple   | Entered the Ecumenical Temple
  5911 | Temple   | Became a worshipper of Ashenzari the Shackled
  6321 | D:6      | Found a burning altar of Makhleb.
  6344 | D:6      | Reached skill level 5 in Hexes
  6344 | D:6      | Reached XP level 8. HP: 36/36 MP: 18/23
  6632 | D:6      | Found Haej's Armour Emporium.
  6634 | D:6      | Reached skill level 5 in Spellcasting
  7204 | D:7      | Noticed Sigmund
  7214 | D:7      | Killed Sigmund
  7463 | D:7      | Reached skill level 11 in Stealth
  7583 | D:7      | Noticed Edmund
  7589 | D:7      | Killed Edmund
  7818 | D:8      | Noticed a troll
  7836 | D:8      | Killed a troll
  7836 | D:8      | Reached XP level 9. HP: 39/39 MP: 22/27
  8448 | D:8      | Reached skill level 12 in Stealth
  8960 | D:8      | Found a staircase to the Lair.
  9028 | Lair:1   | Entered Level 1 of the Lair of Beasts
  9264 | D:8      | Reached skill level 5 in Dodging
  9448 | D:8      | Acquired Ashenzari's first power
 10031 | Lair:1   | Reached skill level 10 in Hexes
 10592 | Lair:1   | Reached XP level 10. HP: 29/44 MP: 23/28
 11048 | Lair:1   | Reached skill level 13 in Stealth
 12833 | Lair:2   | Reached skill level 14 in Stealth
 13049 | Lair:2   | Reached XP level 11. HP: 47/47 MP: 20/31
 13184 | Lair:2   | Identified a scroll of acquirement
 13185 | Lair:2   | Got the cursed buckler of Feasting {Str+3 Stlth++}
 13191 | Lair:2   | Identified the cursed +3 buckler of Feasting {Str+3 Stlth++} (You acquired it on level 2 of the Lair of Beasts)
 13359 | Lair:3   | Slain by a basilisk

Action                   |  1- 3 |  4- 6 |  7- 9 | 10-12 || total
-------------------------+-------+-------+-------+-------++-------
Melee: Dagger            |   103 |   197 |   469 |   299 ||  1068
Throw: Dart              |     2 |     1 |     4 |       ||     7
 Cast: Corona            |     1 |     1 |       |       ||     2
       Ensorcelled Hiber |     6 |    30 |   102 |    82 ||   220
       Confuse           |       |     8 |    30 |       ||    38
Evoke: Wand              |       |       |     1 |       ||     1
  Use: Scroll            |     1 |     7 |    13 |     8 ||    29
 Stab: Sleeping          |    15 |    21 |    70 |    57 ||   163
       Confused          |       |     3 |     9 |       ||    12
       Distracted        |       |       |     1 |       ||     1
